 Dungeon Crawl Stone Soup version 0.29.1-15-g9cfb28693d (webtiles) character file.

Game seed: 5523971433458507940

256 GeoRichter the Shooter (level 5, -2/38 HPs)
             Began as a Demonspawn Wanderer on Mar 17, 2023.
             Was a Priest of Lugonu.
             Slain by Pikel
             ... wielding a +0 whip of flaming
              (6 damage)
             ... on level 4 of the Dungeon.
             The game lasted 00:05:59 (4072 turns).

GeoRichter the Shooter (Demonspawn Wanderer)        Turns: 4072, Time: 00:05:59

Health: -2/38      AC:  6    Str: 12    XL:     5   Next: 92%
Magic:  8/8        EV: 10    Int: 15    God:    Lugonu [***...]
Gold:   154        SH:  5    Dex: 19    Spells: 7/8 levels left

rFire   . . .      SeeInvis .   a - +2 sling
rCold   . . .      Faith    .   (no shield)
rNeg    . . .      Spirit   .   l - +0 leather armour
rPois   .          Reflect  +   (no helmet)
rElec   .          Harm     .   (no cloak)
rCorr   .          Rampage  .   (no gloves)
Will    .....                   (no boots)
Stlth   ++........              p - amulet of reflection
HPRegen 0.12/turn               j - +6 ring of dexterity
MPRegen 0.11/turn               (no ring)

@: no status effects
A: claws 1, slimy green scales 2, powered by pain 1
a: Renounce Religion, Depart the Abyss, Bend Space, Banish


You were on level 4 of the Dungeon.
You worshipped Lugonu.
Lugonu was most pleased with you.
You visited 1 branch of the dungeon, and saw 4 of its levels.

You collected 154 gold pieces.

Inventory:

Hand Weapons
 a - a +2 sling (weapon)
 s - a +3 quarterstaff of chaos
   (You took it off Crazy Yiuf on level 3 of the Dungeon)
Armour
 b - a +0 scale mail
 l - a +0 leather armour (worn)
   (You took it off a goblin on level 2 of the Dungeon)
 r - a +0 cloak
   (You took it off Crazy Yiuf on level 3 of the Dungeon)
Jewellery
 j - a +6 ring of dexterity (left claw)
   (You found it on level 2 of the Dungeon)
 p - an amulet of reflection (around neck)
   (You found it on level 3 of the Dungeon)
Wands
 n - a wand of roots (9)
   (You found it on level 3 of the Dungeon)
Scrolls
 e - a scroll of amnesia {unknown}
 f - a scroll of noise {unknown}
 g - 2 scrolls of immolation {unknown}
 h - 2 scrolls of identify {unknown}
 i - a scroll of magic mapping {unknown}
 m - a scroll of fear {unknown}
 q - 2 scrolls of teleportation {unknown}
 t - a scroll of enchant armour {unknown}
Potions
 c - 3 potions of heal wounds {@q2}
 d - a potion of flight {unknown}
 k - a potion of haste {unknown}
 o - a potion of brilliance {unknown}


   Skills:
 - Level 2.3 Fighting
 * Level 5.0 Ranged Weapons
 - Level 1.7 Armour
 - Level 2.0 Stealth
 - Level 2.0 Spellcasting
 - Level 2.7 Earth Magic
 + Level 0.1 Invocations


You had 7 spell levels left.
You knew the following spells:

 Your Spells              Type           Power      Damage    Failure   Level
a - Sandblast             Erth           18%        2d7       9%          1

Your spell library contained the following spells:

 Spells                   Type           Power      Damage    Failure   Level
 Stone Arrow              Conj/Erth      10%        3d7       43%         3
 Summon Ice Beast         Ice/Summ       1%         N/A       95%         4
 Summon Mana Viper        Hex/Summ       1%         N/A       100%        5
 Monstrous Menagerie      Summ           0%         N/A       100%        7


Dungeon Overview and Level Annotations

Branches:
Dungeon (4/15) Zot: 19779
 Temple: D:4-7

Altars:
Dithmenos
Makhleb
Okawaru
Wu Jian
Lugonu

Annotations:
D:3 2 runed translucent doors, EnergyMaker's ghost, amateur DsAK
D:4 Pikel


Innate Abilities, Weirdness & Mutations

You have sharp fingernails.
You are mostly covered in slimy green scales. (AC +3)
You sometimes gain a little power by taking damage.


Message History

You shoot a sling bullet. The sling bullet closely misses Pikel.
Pikel hits you with a +0 whip of flaming!
* * * LOW HITPOINT WARNING * * *
Pikel burns you.
* * * LOW HITPOINT WARNING * * *
Fire: a) +2 sling
Aim: Pikel, wielding a +0 whip of flaming and wearing a +0 robe of fire resistance (lightly wounded, 58% to hit)
You shoot a sling bullet. The sling bullet hits Pikel.
Pikel splashes around in the water.
Fire: a) +2 sling
Aim: Pikel, wielding a +0 whip of flaming and wearing a +0 robe of fire resistance (moderately wounded, 58% to hit)
You shoot a sling bullet. The sling bullet hits Pikel.
Pikel hits you with a +0 whip of flaming.
* * * LOW HITPOINT WARNING * * *
Pikel burns you.
* * * LOW HITPOINT WARNING * * *
Fire: a) +2 sling
Aim: Pikel, wielding a +0 whip of flaming and wearing a +0 robe of fire resistance (moderately wounded, 58% to hit)
You shoot a sling bullet. The sling bullet barely misses Pikel.
Pikel hits you with a +0 whip of flaming.
* * * LOW HITPOINT WARNING * * *
Pikel burns you.
* * * LOW HITPOINT WARNING * * *
Pikel hits you but does no damage.
Aim: Pikel, wielding a +0 whip of flaming and wearing a +0 robe of fire resistance (moderately wounded, chance to affect: 78%)
You fail to use your ability.
Pikel says, "You'll rust in Dis!"
Pikel barely misses you.
Unknown command.
Okay, then.
You are too injured to fight recklessly!
Aim: Pikel, wielding a +0 whip of flaming and wearing a +0 robe of fire resistance (moderately wounded, chance to affect: 78%)
You fail to use your ability.
Pikel hits you with a +0 whip of flaming.
* * * LOW HITPOINT WARNING * * *
Pikel burns you.
* * * LOW HITPOINT WARNING * * *
Aim: Pikel, wielding a +0 whip of flaming and wearing a +0 robe of fire resistance (moderately wounded, chance to affect: 78%)
You fail to use your ability.
Pikel splashes around in the water.
Unknown command.
Aim: Pikel, wielding a +0 whip of flaming and wearing a +0 robe of fire resistance (moderately wounded, chance to affect: 78%)
You fail to use your ability.
You block Pikel's attack.
Aim: Pikel, wielding a +0 whip of flaming and wearing a +0 robe of fire resistance (moderately wounded, chance to affect: 78%)
You fail to use your ability.
Pikel splashes around in the water.
Aim: Pikel, wielding a +0 whip of flaming and wearing a +0 robe of fire resistance (moderately wounded, chance to affect: 78%)
You fail to use your ability.
Pikel hits you but does no damage.
Aim: Pikel, wielding a +0 whip of flaming and wearing a +0 robe of fire resistance (moderately wounded, chance to affect: 78%)
You fail to use your ability.
Pikel hits you with a +0 whip of flaming.
You die...

####~~~~~~~~~#####~~~~###.## #
#####~~~### ###~~~~#..## ##
##~~~~# ##~......## .## ######
##.........# ..# #..........##
#.## ###...........# ##.##
##.............### #..#
#..#............##
##.############@###........##>..
##.........#≈≈K≈≈#........###..
##.).......#≈5≈5≈#...###### #..
#..######..#~≈~≈5##### #.. #.##
##.#≈~≈~≈# #.. ##.# ###.###'###
##. #..# ###.......# ##
#5###.........### ###### #
#.............# ##....# #


You could see Pikel and 3 lemures.

Vanquished Creatures
  An ogre (D:3)
  A lemure (D:4)
  Crazy Yiuf (D:3)
  2 iguanas (D:4)
  2 adders
  3 worms (D:2)
  4 dart slugs
  An orc (D:2)
  3 ball pythons
  5 bats
  6 endoplasms
  2 giant cockroaches (D:2)
  6 hobgoblins
  2 quokkas (D:2)
  2 frilled lizards (D:2)
  10 goblins
  9 kobolds
  2 rats (D:1)
62 creatures vanquished.

Vanquished Creatures (others)
  20 plants (D:2)
20 creatures vanquished.

Grand Total: 82 creatures vanquished

Notes
Turn   | Place    | Note
-------+----------+-------------------------------------------
     0 | D:1      | GeoRichter the Demonspawn Wanderer began the quest for the
                  | Orb.
     0 | D:1      | GeoRichter set off with the following items: a +2 sling, a
                  | +0 scale mail, a potion of heal wounds {@q2}; and the
                  | following spell memorised: Sandblast; and the following
                  | spells available to memorise: Stone Arrow.
     0 | D:1      | Reached XP level 1. HP: 13/13 MP: 2/2
   112 | D:1      | Gained mutation: You sometimes gain a little power by
                  | taking damage. [demonic ancestry]
   112 | D:1      | Reached XP level 2. HP: 19/19 MP: 3/3
   386 | D:1      | You fall into a shaft and drop 1 floor!
   386 | D:2      | Found a faded altar of an unknown god.
   406 | D:2      | Prayed at the altar of an unknown god.
   406 | D:2      | Became a worshipper of Lugonu the Unformed
   406 | D:2      | Reached * piety under Lugonu
   406 | D:2      | Reached ** piety under Lugonu
   626 | D:2      | Gained mutation: You have sharp fingernails. [demonic
                  | ancestry]
   626 | D:2      | Reached XP level 3. HP: 10/24 MP: 5/5
  2318 | D:3      | Gained mutation: You are partially covered in slimy green
                  | scales. (AC +2) [demonic ancestry]
  2318 | D:3      | Reached XP level 4. HP: 30/30 MP: 7/7
  2391 | D:3      | Found a runed translucent door.
  2392 | D:3      | Noticed Crazy Yiuf
  2477 | D:3      | Found a shadowy altar of Dithmenos.
  2481 | D:3      | Found an iron altar of Okawaru.
  2483 | D:3      | Found an ornate altar of the Wu Jian Council.
  2485 | D:3      | Found a burning altar of Makhleb.
  2554 | D:3      | Found a large runed translucent door.
  2555 | D:3      | Found a large runed translucent door.
  2558 | D:3      | Noticed an ogre
  2566 | D:3      | Killed an ogre
  2567 | D:3      | Reached skill level 1 in Fighting
  2567 | D:3      | Reached skill level 4 in Ranged Weapons
  2567 | D:3      | Gained mutation: You are mostly covered in slimy green
                  | scales. (AC +3) [demonic ancestry]
  2567 | D:3      | Reached XP level 5. HP: 37/37 MP: 8/8
  2813 | D:3      | Noticed EnergyMaker's ghost (amateur DsAK)
  2942 | D:3      | Killed Crazy Yiuf
  3080 | D:4      | Reached *** piety under Lugonu
  3349 | D:4      | Reached skill level 5 in Ranged Weapons
  3733 | D:4      | Noticed a lemure
  3733 | D:4      | Noticed a lemure
  3757 | D:4      | Killed a lemure
  4040 | D:4      | Noticed a lemure
  4043 | D:4      | Noticed Pikel
  4045 | D:4      | Noticed a lemure
  4072 | D:4      | Slain by Pikel

Illustrated notes

Levels and vault maps discovered:
D:1:      zelgadis_glass_arrival_small, layout_basic
D:2:      layout_rooms, serial_bayou, serial_bayou_shore_a, serial_bayou_pond_c,
          serial_bayou_pond_d, serial_bayou_pond_d,
          hellmonk_ecumenical_altar_leap_of_faith, minmay_box_of_dots
D:3:      layout_basic, minitemple, ebering_ghost_disaster_area,
          uniq_crazy_yiuf_cottage
D:4:      layout_cave_pods, serial_rivers, chequers_serial_rivers_micro_c,
          chequers_serial_rivers_room_b, chequers_serial_rivers_large_b,
          chequers_serial_rivers_micro_b, chequers_serial_rivers_marsh,
          uniq_pikel

Skill      XL: |  1  2  3  4  5 |
---------------+----------------+-----
Stealth        | 2 |  2.0
Earth Magic    | 2 |  2.7
Spellcasting   | 2 |  2.0
Fighting       | 1 2 |  2.3
Ranged Weapons | 4 5 |  5.0
Armour         | |  1.7
Invocations    | |  0.1

Action                   |  1- 3 |  4- 6 || total
-------------------------+-------+-------++-------
 Fire: Sling             |   145 |    77 ||   222
Armor: Scale mail        |    56 |       ||    56
       Leather armour    |       |     5 ||     5
Dodge: Dodged            |    34 |    11 ||    45
Block: Other             |       |     6 ||     6
